 Dungeon Crawl Stone Soup version 0.18.1-50-g88ac8fd (webtiles) character file.

16 JeffiDaFish the Covered (level 2, -1/19 HPs)
             Began as a Gargoyle Fighter on May 5, 2017.
             Slain by an adder (2 damage)
             ... on level 2 of the Dungeon.
             The game lasted 00:02:03 (777 turns).

JeffiDaFish the Covered (Gargoyle Fighter)           Turns: 777, Time: 00:02:04

Health: -1/19      AC:  9    Str: 19    XL:     2   Next: 54%
Magic:  2/2        EV:  7    Int:  8    God:
Gold:   83         SH:  9    Dex:  9    Spells: 0 memorised, 1 level left

rFire  . . .     SeeInvis .     a - +0 flail
rCold  . . .     Gourm    .     b - +0 scale mail
rNeg   + . .     Faith    .     c - +0 shield
rPois  ∞         Spirit   .     (no helmet)
rElec  +         Dismiss  .     (no cloak)
rCorr  .         Reflect  .     (no gloves)
SustAt .         Harm     .     (no boots)
MR     .....                    (no amulet)
Stlth  ..........               (no ring)
                                (no ring)

@: not resistant to hostile enchantments, extremely unstealthy
A: negative energy resistance 1, electricity resistance, unbreathing,
petrification resistance, rot immunity, AC +2
a: no special abilities


You were on level 2 of the Dungeon.
You were not hungry.

You visited 1 branch of the dungeon, and saw 2 of its levels.

You collected 83 gold pieces.

Inventory:

Hand Weapons
 a - a +0 flail (weapon)
Armour
 b - a +0 scale mail (worn)
 c - a +0 shield (worn)
Scrolls
 e - a scroll of remove curse
 j - a scroll of identify
Potions
 d - 2 potions of might
Comestibles
 f - 2 bread rations
 h - 2 fruits
 i - a beef jerky


   Skills:
 + Level 3.4 Fighting
 + Level 2.0 Maces & Flails
 + Level 3.7 Armour
 + Level 0.1 Dodging
 + Level 3.6 Shields


You had one spell level left.
You didn't know any spells.

Dungeon Overview and Level Annotations

Branches:
Dungeon (2/15)

Altars:
Ashenzari
Kikubaaqudgha
Ru
Zin


Innate Abilities, Weirdness & Mutations

You are resistant to torment.
Your stone body is resilient (AC +2).
You are immune to poison.
You resist negative energy.
You are resistant to electric shocks.
You can survive without breathing.
You are immune to petrification.
You are immune to rotting.


Message History

You block the worm's attack. The adder closely misses you.
You closely miss the adder. You block the adder's attack.
The adder bites you but does no damage. You block the worm's attack.
You closely miss the adder. The adder bites you but does no damage.
The adder barely misses you. The worm bites you but does no damage.
You closely miss the adder. The adder barely misses you.
You block the adder's attack. The worm bites you.
You miss the adder. The adder bites you. The worm bites you.
The adder bites you.
You closely miss the adder. The adder bites you but does no damage.
Your shield prevents you from hitting the adder.
The adder bites you but does no damage. The worm bites you.
* * * LOW HITPOINT WARNING * * *
The adder bites you.
* * * LOW HITPOINT WARNING * * *
You are too injured to fight recklessly!
You are too injured to fight recklessly!
You are too injured to fight recklessly!
The adder bites you.
You die...

.... ..... ....
#####.....
.....+.........
......#.........
................
.....#.#.........
........#w........
..........S.......
_[.._......@.##....
............#.....#
...
.......⌠..........# .
................(.#
#..._..._........#
##................#..
......................
......................
......................


You could see a worm and an adder.

Vanquished Creatures
  A giant gecko (D:1)
  A bat (D:1)
  A giant cockroach (D:1)
  4 goblins (D:1)
  2 giant newts
  A kobold (D:1)
  5 rats
15 creatures vanquished.

Notes
Turn   | Place    | Note
--------------------------------------------------------------
     0 | D:1      | JeffiDaFish the Gargoyle Fighter began the quest for the Orb.
     0 | D:1      | Reached XP level 1. HP: 14/14 MP: 1/1
   111 | D:1      | Reached XP level 2. HP: 15/19 MP: 2/2
   702 | D:2      | Found a glowing silver altar of Zin.
   702 | D:2      | Found a shattered altar of Ashenzari.
   747 | D:2      | Found an ancient bone altar of Kikubaaqudgha.
   747 | D:2      | Found a sacrificial altar of Ru.
   777 | D:2      | Slain by an adder

Action                   || total
-------------------------++-------
Melee: Flail             ||    70
  Use: Scroll            ||     3
       Potion            ||     1
Armor: Scale mail        ||    23
Dodge: Dodged            ||    23
Block: Shield            ||    40
